 Dungeon Crawl Stone Soup version 0.26-a0-971-g1d9d62bb61 (webtiles) character file.

Game seed: 4270946782453801507

183 mg7810 the Insei (level 5, -1/61 HPs)
             Began as a Demonspawn Monk on Dec 4, 2020.
             Slain by Grinder (8 damage)
             ... on level 3 of the Dungeon.
             The game lasted 00:14:52 (2906 turns).

mg7810 the Insei (Demonspawn Monk)                  Turns: 2906, Time: 00:14:53

Health: -1/61      AC: 10    Str: 12    XL:     5   Next: 35%
Magic:  7/7        EV: 10    Int: 12    God:
Gold:   169        SH:  0    Dex: 15    Spells: 6/6 levels left

rFire    . . .     SeeInvis .     - Unarmed
rCold    . . .     Faith    .   (no shield)
rNeg     . . .     Spirit   .   l - +0 scale mail
rPois    .         Reflect  .   (no helmet)
rElec    .         Harm     .   b - +1 cloak
rCorr    .         Rampage  .   q - +0 pair of gloves
MR       .....                  m - +0 pair of boots
Stlth    ..........             (no amulet)
HPRegen  0.20/turn              (no ring)
MPRegen  0.10/turn              (no ring)

@: berserking, very quick
A: powered by death 2
a: no special abilities


You were on level 3 of the Dungeon.
You visited 1 branch of the dungeon, and saw 3 of its levels.

You collected 169 gold pieces.

Inventory:

Missiles
 e - 7 poisoned darts (quivered)
Armour
 b - a +1 cloak (worn)
 l - a +0 scale mail (worn)
 m - a +0 pair of boots (worn)
 q - a +0 pair of gloves (worn)
Jewellery
 a - an uncursed amulet of reflection {unknown}
 j - an uncursed ring of wizardry
Scrolls
 g - a scroll of magic mapping
Potions
 d - a potion of heal wounds {unknown}
 f - a potion of mutation
 h - a potion of curing
 i - 2 potions of magic
 k - a potion of degeneration {unknown}


   Skills:
 + Level 3.3 Fighting
 * Level 0.7 Throwing
 * Level 1.5 Armour
 + Level 3.4 Dodging
 - Level 2.0 Stealth
 + Level 3.9 Unarmed Combat
 * Level 1.3 Spellcasting


You had 6 spell levels left.
You didn't know any spells.
Your spell library was empty.

Dungeon Overview and Level Annotations

Branches:
Dungeon (3/15)

Altars:

Annotations:
D:3 Grinder


Innate Abilities, Weirdness & Mutations

You regenerate health from kills.


Message History

Grinder hits you.
You writhe in agony.
You hit Grinder.
Grinder is moderately wounded.
Grinder hits you but does no damage.
You barely miss Grinder.
Grinder is moderately wounded.
Grinder hits you but does no damage.
You hit Grinder.
Grinder is moderately wounded.
Grinder closely misses you.
You punch Grinder!
Grinder is heavily wounded.
Grinder gestures at you. Pain shoots through your body!
* * * LOW HITPOINT WARNING * * *
It was a potion of berserk rage.
A red film seems to cover your vision as you go berserk!
You feel yourself moving faster!
You feel mighty!
Grinder looks more healthy.
Grinder hits you!
You die...

*,*******,************,***
*,**,,,,,,,,,,,,,,,,,,,,,*
*,**.#***,************########
*,*#.# *,* #.......
*,*#.#*##,**###########.......
*,*#.#*,..,,..................
**,##.#####.##.######..........
*,,,......(>(5.................
**###.#*######@######.##.......
#...###...........#.##.......
#.#†.........######.##.......
#.#.#######.#######.##.......
#.#.##.......................
#.#####.###.#######.########.
#.# ###.#.#.# #...# ######. #.#
#.....#.#####...# #...... #.#
#...........+...# #.####.


You could see Grinder.

Vanquished Creatures
  An orc priest (D:3)
  A gnoll (D:3)
  5 adders
  2 oozes
  A worm (D:2)
  2 dart slugs (D:1)
  A leopard gecko (D:2)
  9 orcs (D:3)
  A ball python (D:2)
  4 giant cockroaches
  8 goblins
  9 hobgoblins
  3 jackals
  A quokka (D:2)
  11 bats
  4 frilled lizards
  5 kobolds (D:1)
  10 rats
78 creatures vanquished.

Notes
Turn   | Place    | Note
-------+----------+-------------------------------------------
     0 | D:1      | mg7810 the Demonspawn Monk began the quest for the Orb.
     0 | D:1      | Reached XP level 1. HP: 18/18 MP: 1/1
   161 | D:1      | Gained mutation: You regenerate a little health from kills.
                  | [demonic ancestry]
   161 | D:1      | Reached XP level 2. HP: 22/24 MP: 2/2
   821 | D:1      | Gained mutation: You regenerate health from kills. [demonic
                  | ancestry]
   821 | D:1      | Reached XP level 3. HP: 24/29 MP: 3/3
  1337 | D:2      | Reached skill level 1 in Armour
  1438 | D:2      | Reached XP level 4. HP: 34/35 MP: 4/4
  2246 | D:3      | Reached skill level 1 in Spellcasting
  2437 | D:3      | Reached XP level 5. HP: 12/41 MP: 6/6
  2893 | D:3      | Noticed Grinder
  2906 | D:3      | Slain by Grinder

Illustrated notes

Levels and vault maps discovered:
D:1:      tarquinn_simple_flora_water_a, layout_basic
D:2:      layout_basic
D:3:      minmay_inner_zag, layout_basic, uniq_grinder

Skill      XL: |  1  2  3  4 |
---------------+-------------+-----
Dodging        | 3 |  3.4
Unarmed Combat | 3 |  3.9
Stealth        | 2 |  2.0
Armour         | 1 |  1.5
Spellcasting   | 1 |  1.3
Fighting       | |  3.3
Throwing       | |  0.7

Action                   |  1- 3 |  4- 6 || total
-------------------------+-------+-------++-------
Melee: Unarmed           |   166 |   185 ||   351
       Punch             |     3 |     3 ||     6
Throw: Dart              |     1 |    14 ||    15
  Use: Scroll            |     3 |     9 ||    12
       Potion            |       |     3 ||     3
Armor: Robe              |     4 |       ||     4
       Ring mail         |    40 |       ||    40
       Scale mail        |    30 |    80 ||   110
Dodge: Dodged            |   125 |    97 ||   222

Table legend: (Time is in decaauts)
 A = Elapsed time spent in this place.
 B = Non-inter-level travel time spent in this place.
 C = Inter-level travel time spent in this place.
 D = Time resting spent in this place.
 E = Time spent auto-exploring this place.
 F = Levels seen in this place.
 G = Mean time per level.
                   A        B        C        D        E       F      G
               +--------+--------+--------+--------+--------+-----+--------+
         Total |   2882 |   2779 |    103 |      0 |   1910 |   3 |  960.7 |
       Dungeon |   2882 |   2779 |    103 |      0 |   1910 |   3 |  960.7 |
               +--------+--------+--------+--------+--------+-----+--------+

Top non-repeatable levels by time:
     D:1: 1030 daAuts
     D:3: 1021 daAuts
     D:2: 831 daAuts
